 Dungeon Crawl Stone Soup version 0.21-a0-279-g6037ffb (webtiles) character file.

10423 Multipenetrator the Severer (level 11, -3/92 HPs)
             Began as a Hill Orc Gladiator on Sept 24, 2017.
             Was a High Priest of Beogh.
             Killed from afar by an electric eel (12 damage)
             ... with a bolt of electricity
             ... on level 10 of the Dungeon.
             The game lasted 00:26:56 (8883 turns).

Multipenetrator the Severer (Hill Orc Gladiator)    Turns: 8883, Time: 00:26:57

Health: -3/92      AC: 20    Str: 26    XL:     11   Next: 61%
Magic:  0/21       EV:  9    Int:  8    God:    Beogh [*****.]
Gold:   575        SH:  0    Dex: 12    Spells: 10/10 levels left

rFire    . . .     SeeInvis .   M - +5 executioner's axe (flame)
rCold    . . .     Gourm    .   (shield currently unavailable)
rNeg     . . .     Faith    .   u - +0 plate armour
rPois    .         Spirit   +   E - +1 helmet
rElec    .         Reflect  .   (no cloak)
rCorr    .         Harm     .   (no gloves)
MR       .....                  (no boots)
Stlth    ..........             g - amulet of guardian spirit
HPRegen  0.25/turn              p - +4 ring of protection
MPRegen  0.17/turn              N - ring of magical power

@: mighty
A: walk on water
a: Smiting, Recall Orcish Followers, Give Item to Named Follower, Renounce
Religion


You were on level 10 of the Dungeon.
You worshipped Beogh.
Beogh was extremely pleased with you.
You were hungry.

You visited 2 branches of the dungeon, and saw 11 of its levels.
You also visited: Bailey.

You collected 575 gold pieces.

Inventory:

Hand Weapons
 a - a +0 war axe
 y - a +0 hand axe of chopping
 C - a +2 dagger of electrocution
 H - a +0 battleaxe
 M - a +5 executioner's axe of flaming (weapon)
 W - a +0 arbalest of venom
Missiles
 d - 2 throwing nets
 q - 5 silver javelins
 G - 19 bolts
 T - 13 javelins of returning (quivered)
Armour
 b - a +0 leather armour
 m - a +0 ring mail
 u - a +0 plate armour (worn)
 E - a +1 helmet (worn)
Jewellery
 g - an amulet of guardian spirit (around neck)
 p - a +4 ring of protection (left hand)
 B - an uncursed amulet of rage
 J - an uncursed ring of stealth
 N - a ring of magical power (right hand)
Wands
 c - a wand of acid (1/15)
 s - a wand of lightning (6/15)
 K - a wand of paralysis (3/24)
 L - a wand of iceblast (13/15)
 U - a wand of random effects (1/48)
 Y - a wand of clouds (0/9)
Scrolls
 h - 6 scrolls of teleportation
 i - a scroll of immolation
 j - 5 scrolls of remove curse
 l - 2 scrolls of enchant armour
 v - a scroll of magic mapping
 w - 3 scrolls of amnesia
 x - 3 scrolls of recharging
 F - a scroll of blinking {unknown}
 Q - 4 scrolls of fear {unknown}
Potions
 e - a potion of flight
 n - 2 potions of agility
 z - a potion of cancellation
 A - a potion of magic {unknown}
 I - a potion of experience {unknown}
 O - a potion of resistance {unknown}
 R - a potion of ambrosia {unknown}
 S - 3 potions of lignification
 V - a potion of might
 X - a potion of haste {unknown}
Books
 Z - a book of Geomancy

   Spells                             Type                      Level
   a - Sandblast                      Earth                        1
   b - Passwall                       Transmutation/Earth          2
   c - Stone Arrow                    Conjuration/Earth            3
   d - Petrify                        Transmutation/Earth          4
   e - Lee's Rapid Deconstruction     Earth                        5
Comestibles
 f - 8 bread rations
 k - 7 meat rations
 r - 11 fruits
 D - 7 royal jellies


   Skills:
 - Level 7.4 Fighting
 + Level 17.6 Axes
 - Level 2.6 Throwing
 - Level 8.9 Armour
 - Level 3.2 Dodging
 - Level 1.5 Evocations


You had 10 spell levels left.
You didn't know any spells.

Dungeon Overview and Level Annotations

Branches:
Dungeon (10/15)            Temple (1/1) D:7            Lair (0/6) D:10
    Orc (0/2) D:9

Altars:
Ashenzari
Cheibriados
Dithmenos
Elyvilon
Fedhas
Gozag
Hepliaklqana
Kikubaaqudgha
Makhleb
Nemelex Xobeh
Okawaru
Qazlal
Ru
Sif Muna
Trog
Uskayaw
Vehumet
Wu Jian
Xom
Yredelemnul
Zin
The Shining One
Beogh

Shops:
D:5 [   D:10 *


Message History

The electric eel appears confused.
Your orc priest hits the electric eel.
The electric eel dies!
Beogh accepts your kill.
You hear a splash.
Your orc warrior hits the electric eel from afar with a halberd!!
The electric eel dies!
Beogh accepts your kill.
Your orc wizard points at the electric eel and mumbles some strange words.
The electric eel seems to slow down.
Your orc warrior is engulfed in noxious fumes.
Your orc warrior appears confused.
The electric eel is engulfed in noxious fumes.
The electric eel appears confused.
Unknown command.
Unknown command.
You swap places.
The electric eel shoots out a bolt of lightning at you!
The bolt of electricity hits your orc warrior.
The bolt of electricity hits you!
You die...

....≈≈≈≈≈.≈.≈≈≈......##
.....≈≈≈≈.≈≈≈≈≈......#
##.≈..≈≈≈.≈≈≈≈†......#
≈≈≈.≈≈≈≈...##....
≈.≈.≈≈≈≈...# .####
≈≈.o≈.o≈†o.# .#
≈≈o.≈.o≈o..#.#
≈o.oo.≈)≈≈...#
≈..§§§§≈@....#
≈≈.§o§§≈≈...##
≈.;§§§≈≈o≈...#
≈≈≈;;≈≈≈........
≈≈≈§≈≈≈≈........
≈≈≈≈.≈.≈≈≈......
≈≈≈≈≈.%....#....
....≈......##...


You could see 3 electric eels, the friendly Ognian the orc knight, 3 friendly
orc warriors, the friendly Olfik the orc warrior, a friendly orc priest, 2
friendly orc wizards and 3 friendly orcs.

Vanquished Creatures
  3 two-headed ogres
  A troll (D:10)
  A hippogriff (D:7)
  A wraith (D:6)
  A wyvern (D:8)
  4 yaks (D:9)
  2 hogs (D:9)
  19 orc warriors
  3 sky beasts
  2 phantoms
  2 ice beasts
  A necrophage (D:7)
  6 ogres
  8 centaurs
  A big kobold (D:7)
  6 bullfrogs
  3 killer bees (D:4)
  An electric eel (D:10)
  A howler monkey (D:10)
  2 crimson imps
  5 hounds
  2 jellies
  6 orc priests
  5 orc wizards
  Terence (D:2)
  3 iguanas
  5 worker ants
  6 gnolls (D:8)
  A howler monkey skeleton (D:7)
  9 adders
  3 shadow imps
  3 oozes
  2 worms
  5 dart slugs
  6 leopard geckos
  38 orcs
  5 giant cockroaches
  13 goblins
  6 hobgoblins
  6 jackals
  5 quokkas
  3 ball pythons
  7 bats
  5 frilled lizards
  11 kobolds
  A leopard gecko skeleton (D:5)
  A leopard gecko zombie (D:5)
  A quokka zombie (D:5)
  11 rats
  A plant (D:4)
244 creatures vanquished.

Vanquished Creatures (collateral kills)
  Erica (D:8)
  A two-headed ogre (D:8)
  Maurice (D:8)
  A troll (D:10)
  A hippogriff (D:10)
  3 yaks (D:9)
  A human (D:9)
  A hungry ghost (D:8)
  A sky beast (D:8)
  A phantom (D:10)
  A centaur (D:8)
  A bullfrog (D:7)
  2 electric eels (D:10)
  2 crimson imps (D:8)
  An orc priest (D:7)
  2 hounds
  An iguana (D:10)
  A worker ant (D:8)
  2 gnolls (D:8)
  2 adders (D:8)
  A shadow imp (D:7)
  An adder skeleton (D:8)
  5 orcs
34 creatures vanquished.

Vanquished Creatures (others)
  An orc priest (D:3)
  An orc wizard (D:10)
  14 orcs
  7 fungi (D:10)
  A plant (D:4)
24 creatures vanquished.

Grand Total: 302 creatures vanquished

Notes
Turn   | Place    | Note
-------+----------+-------------------------------------------
     0 | D:1      | Multipenetrator the Hill Orc Gladiator began the quest for the Orb.
     0 | D:1      | Reached XP level 1. HP: 18/18 MP: 1/1
    95 | D:1      | Reached XP level 2. HP: 25/25 MP: 2/2
   296 | D:1      | Reached skill level 5 in Axes
   298 | D:1      | Reached XP level 3. HP: 27/30 MP: 3/3
   461 | D:2      | Noticed Terence
   480 | D:2      | Killed Terence
   480 | D:2      | Reached XP level 4. HP: 30/37 MP: 4/4
   605 | D:2      | Reached skill level 6 in Axes
   921 | D:2      | Found a burning altar of Makhleb.
   921 | D:2      | Found a glowing golden altar of the Shining One.
  1116 | D:3      | Reached skill level 1 in Armour
  1116 | D:3      | Reached XP level 5. HP: 31/44 MP: 3/5
  1403 | D:3      | Became a worshipper of Beogh the Brigand
  1404 | D:3      | Noticed an orc warrior
  1425 | D:3      | Killed an orc warrior
  1425 | D:3      | Reached skill level 7 in Axes
  1425 | D:3      | Reached XP level 6. HP: 43/50 MP: 4/6
  1446 | D:3      | Found an iron altar of Okawaru.
  1609 | D:4      | Found a shimmering altar of Xom.
  1622 | D:4      | Reached skill level 8 in Axes
  1825 | D:4      | Reached XP level 7. HP: 23/57 MP: 5/7
  1988 | D:4      | Reached * piety under Beogh
  1989 | D:4      | Reached skill level 9 in Axes
  2475 | D:4      | Found a shadowy altar of Dithmenos.
  2659 | D:5      | Entered Level 5 of the Dungeon
  2704 | D:5      | Found Ufomein's Armour Emporium.
  2947 | D:5      | Reached skill level 10 in Axes
  2947 | D:5      | Reached XP level 8. HP: 62/66 MP: 8/8
  3658 | D:6      | Noticed a wraith
  3670 | D:6      | Killed a wraith
  3670 | D:6      | Reached skill level 11 in Axes
  3975 | D:6      | Found a deep blue altar of Sif Muna.
  4017 | D:6      | Reached skill level 5 in Armour
  4163 | D:6      | Reached skill level 12 in Axes
  4163 | D:6      | Reached XP level 9. HP: 42/72 MP: 6/9
  4441 | D:7      | Reached ** piety under Beogh
  4518 | D:7      | Found an ornate altar of the Wu Jian Council.
  4519 | D:7      | Found an iron altar of Okawaru.
  4519 | D:7      | Found a shimmering altar of Xom.
  4519 | D:7      | Found a glowing silver altar of Zin.
  4539 | D:7      | Found a flagged portal.
  4563 | Bailey   | Entered a bailey
  4609 | Bailey   | Reached skill level 5 in Fighting
  5311 | Bailey   | HP: 2/74 [orc warrior/bardiche (8)]
  5315 | Bailey   | Reached skill level 13 in Axes
  6105 | Bailey   | Reached *** piety under Beogh
  6130 | Bailey   | Reached skill level 14 in Axes
  6130 | Bailey   | Reached XP level 10. HP: 45/83 MP: 6/10
  6399 | D:7      | Found a hazy altar of Hepliaklqana.
  6409 | D:7      | Found a hide-covered altar of Uskayaw.
  6778 | D:7      | Found a staircase to the Ecumenical Temple.
  6787 | Temple   | Entered the Ecumenical Temple
  7235 | D:8      | Noticed Erica
  7243 | D:8      | Killed Erica
  7243 | D:8      | Reached skill level 15 in Axes
  7285 | D:8      | Noticed a two-headed ogre
  7286 | D:8      | Noticed a two-headed ogre
  7286 | D:8      | Noticed a two-headed ogre
  7291 | D:8      | Killed a two-headed ogre
  7293 | D:8      | Reached skill level 1 in Evocations
  7293 | D:8      | Gained Olfik as an ally
  7294 | D:8      | Killed a two-headed ogre
  7295 | D:8      | Killed a two-headed ogre
  7295 | D:8      | Reached skill level 16 in Axes
  7295 | D:8      | Reached **** piety under Beogh
  7296 | D:8      | Reached XP level 11. HP: 74/91 MP: 11/11
  7305 | D:8      | Noticed Maurice
  7320 | D:8      | Killed Maurice
  7685 | D:8      | Found a bloodstained altar of Trog.
  7852 | D:9      | Found a roughly hewn altar of Beogh.
  7852 | D:9      | Found a staircase to the Orcish Mines.
  7857 | D:9      | Gained Ognian as an ally
  8110 | D:9      | Found a shattered altar of Ashenzari.
  8350 | D:9      | Reached ***** piety under Beogh
  8355 | D:9      | Reached skill level 17 in Axes
  8516 | D:10     | Entered Level 10 of the Dungeon
  8548 | D:10     | Noticed a two-headed ogre
  8554 | D:10     | Killed a two-headed ogre
  8857 | D:10     | Found Umugorys's Assorted Antiques.
  8865 | D:10     | Found a staircase to the Lair.
  8881 | D:10     | HP: 1/92 [electric eel/bolt of electricity (5)]
  8883 | D:10     | Killed from afar by an electric eel

Vault maps used:
D:1:      nzn_arrival_water_spiral
D:2:      gammafunk_temple_overflow_pools, uniq_terence
D:3:      okawaru_ov_weapons_minmay
D:4:      wad_woods_stonehenge, lemuel_round_altar, first_bread
D:5:      serial_shops, shop
D:6:      lemuel_ice_spiral_2, kennysheep_mini
D:7:      nicolae_whirlpool, overflow_temple_1_default,
          chequers_temple_overflow_statue_of_worship,
          eat_drink_and_be_merry_uskayaw, lemuel_temple_firewalk_b,
          enter_bailey_3
D:8:      kennysheep_little_box, uniq_maurice, uniq_erica
D:9:      old_standard_altar, david_orc_5, grunt_livestock
D:10:     kennysheep_steamy, erik_lair_island, serial_shops,
          nicolae_shop_behind_doors, xom_teletrap_fun
Temple:   zaba_magenta_temple
Bailey:   bailey_polearm_flooded_kennysheep, bailey

Skill      XL: |  1  2  3  4  5  6  7  8  9 10 11 |
---------------+----------------------------------+-----
Axes           | 5 6 7 8 10 12 14 16 17 | 17.6
Armour         | 1 2 3 5 6 8 |  8.9
Throwing       | 2 |  2.6
Fighting       | 3 4 5 6 7 |  7.4
Dodging        | 3 |  3.2
Evocations     | 1 |  1.5

Action                   |  1- 3 |  4- 6 |  7- 9 | 10-12 || total
-------------------------+-------+-------+-------+-------++-------
Melee: War axe           |    82 |   112 |       |       ||   194
       Battleaxe         |       |    61 |   412 |       ||   473
       Executioner's axe |       |       |    21 |   150 ||   171
Throw: Throwing net      |       |     2 |       |       ||     2
       Javelin           |       |       |     3 |     9 ||    12
Invok: Convert to Beogh  |       |     1 |       |       ||     1
       Recall Orcish Fol |       |       |       |     2 ||     2
       Give Item to Name |       |       |       |     1 ||     1
Evoke: Wand              |       |       |     3 |     9 ||    12
  Use: Scroll            |       |     5 |     9 |     6 ||    20
       Potion            |       |       |     6 |     3 ||     9
 Stab: Invisible         |       |       |     4 |       ||     4
       Distracted        |       |       |       |     2 ||     2
  Eat: Chunk             |       |     3 |    11 |    10 ||    24
       Fruit             |       |       |     3 |       ||     3
Armor: Leather armour    |    10 |       |       |       ||    10
       Ring mail         |    20 |     9 |       |       ||    29
       Plate armour      |       |   115 |   397 |   130 ||   642
       Skin              |       |       |    45 |       ||    45
Dodge: Dodged            |    51 |    58 |   227 |    78 ||   414

Table legend:
 A = Spawn XP
 B = Non-spawn XP
 C = Spawn XP percentage of total XP
 D = Spawn monster count
 E = Non-spawn monster count
 F = Spawn count percentage of total count
 G = Total turns spent on level
                    A         B        C        D         E        F      G
               +---------+---------+-------+---------+---------+-------+---------
         Total |       0 |   14891 |   0.0 |       0 |     277 |   0.0 |  8883
               +---------+---------+-------+---------+---------+-------+---------
           D:1 |       0 |      46 |   0.0 |       0 |      26 |   0.0 |   448
           D:2 |       0 |     105 |   0.0 |       0 |      23 |   0.0 |   626
           D:3 |       0 |     201 |   0.0 |       0 |      21 |   0.0 |   515
           D:4 |       0 |     649 |   0.0 |       0 |      19 |   0.0 |  1070
           D:5 |       0 |     549 |   0.0 |       0 |      21 |   0.0 |   822
           D:6 |       0 |     896 |   0.0 |       0 |      17 |   0.0 |   860
           D:7 |       0 |    1438 |   0.0 |       0 |      34 |   0.0 |  1133
           D:8 |       0 |    3994 |   0.0 |       0 |      34 |   0.0 |   608
           D:9 |       0 |    3001 |   0.0 |       0 |      25 |   0.0 |   700
          D:10 |       0 |    1957 |   0.0 |       0 |      20 |   0.0 |   367
        Bailey |       0 |    2055 |   0.0 |       0 |      37 |   0.0 |  1657
               +---------+---------+-------+---------+---------+-------+---------
